 Dungeon Crawl Stone Soup version 0.22-a0-414-gacd343e8ff (webtiles) character file.

1731 Manul the Sneak (level 8, 0/60 HPs)
             Began as a Demonspawn Gladiator on May 13, 2018.
             Was an Initiate of Gozag.
             Killed by divine providence
             ... invoked by an orc priest
              (11 damage)
             ... on level 6 of the Dungeon.
             The game lasted 00:10:08 (7219 turns).

Manul the Sneak (Demonspawn Gladiator)              Turns: 7219, Time: 00:10:09

Health: 0/60       AC:  5    Str: 17    XL:     8   Next: 76%
Magic:  8/8        EV: 30    Int:  4    God:    Gozag
Gold:   294        SH:  0    Dex: 20    Spells: 7/7 levels left

rFire    x . .     SeeInvis .   h - +7 dagger "Riawoi" {freeze, rN+ Str+2 Int-5 Dex+3}
rCold    + . .     Gourm    .   (no shield)
rNeg     + . .     Faith    .   b - +0 leather armour
rPois    .         Spirit   .   (helmet restricted)
rElec    .         Reflect  .   (no cloak)
rCorr    +         Harm     .   w - +1 pair of gloves
MR       .....                  (no boots)
Stlth    +++++.....             v - amulet of the acrobat
HPRegen  0.20/turn              k - ring of resist corrosion
MPRegen  0.11/turn              y - ring of ice

@: gold aura
A: claws 1, horns 1, agile 1, dopey 1, nightstalker 2, powered by pain 1
a: Potion Petition, Call Merchant, Bribe Branch, Renounce Religion


You were on level 6 of the Dungeon.
You worshipped Gozag.
Gozag was aware of your devotion.
You were not hungry.

You visited 2 branches of the dungeon, and saw 7 of its levels.
You also visited: Sewer and Ossuary.

You collected 353 gold pieces.
You paid 59 gold pieces to Gozag.

Inventory:

Hand Weapons
 a - a +0 quarterstaff
 h - the +7 dagger "Riawoi" (weapon) {freeze, rN+ Str+2 Int-5 Dex+3}
   (You found it on level 4 of the Dungeon)

   It has been specially enchanted to freeze those struck by it, causing extra
   injury to most foes and up to half again as much damage against particularly
   susceptible opponents.
   It can also slow down cold-blooded creatures.
   It affects your strength (+2).
   It affects your intelligence (-5).
   It affects your dexterity (+3).
   It protects you from negative energy.
 n - a +2 whip of flaming
Missiles
 d - 2 throwing nets (quivered)
Armour
 b - a +0 leather armour (worn)
 c - a +0 helmet
 w - a +1 pair of gloves (worn)
Jewellery
 k - a ring of resist corrosion (left hand)
 v - an amulet of the acrobat (around neck)
 y - a ring of ice (right hand)
Wands
 u - a wand of iceblast (8)
Scrolls
 e - 7 scrolls of identify
 g - 2 scrolls of remove curse
 j - 3 scrolls of teleportation
 s - 2 scrolls of blinking
 A - a scroll of immolation {unknown}
 B - a scroll of vulnerability {unknown}
 C - a scroll of noise {unknown}
Potions
 i - 4 potions of degeneration
 l - 2 potions of might
 m - 2 potions of haste
 o - 3 potions of flight
 p - a potion of cancellation
 q - 3 potions of curing
 r - a potion of ambrosia
 t - a potion of agility {unknown}
 x - 2 potions of resistance {unknown}
 z - a potion of heal wounds
 D - a potion of lignification {unknown}
Comestibles
 f - 6 rations


   Skills:
 + Level 3.9 Fighting
 + Level 3.6 Short Blades
 - Level 3.0(3.9) Maces & Flails
 - Level 3.6(4.2) Staves
 + Level 1.9 Throwing
 + Level 3.6 Armour
 + Level 4.7 Dodging
 * Level 5.9 Stealth


You had 7 spell levels left.
You didn't know any spells.
Your spell library contained the following spells:

 Spells                   Type           Power        Failure   Level  Hunger
 Confuse                  Hex            #.......     90%         3    ####...
 Tukima's Dance           Hex            #.......     90%         3    ####...
 Ensorcelled Hibernation  Hex/Ice        #.....       71%         2    ###....
 Corona                   Hex            #......      56%         1    ##.....
 Dazzling Spray           Conj/Hex       #.....       90%         3    ####...


Dungeon Overview and Level Annotations

Branches:
Dungeon (6/15)             Temple (1/1) D:5

Altars:
Ashenzari
Cheibriados
Dithmenos
Elyvilon
Fedhas
Gozag
Hepliaklqana
Kikubaaqudgha
Makhleb
Okawaru
Qazlal
Ru
Sif Muna
Trog
Uskayaw
Vehumet
Wu Jian
Xom
Yredelemnul
Zin
The Shining One

Shops:
D:5 =([


Innate Abilities, Weirdness & Mutations

You have sharp fingernails.
You are significantly more attuned to the shadows.
You sometimes gain a little power by taking damage.
You have a pair of small horns on your head.
You are agile. (Dex +2)
You are dopey. (Int -2)


Message History

* * * LOW HITPOINT WARNING * * *
You are too injured to fight recklessly!
You are too injured to fight recklessly!
You are too injured to fight recklessly!
You are too injured to fight recklessly!
You are too injured to fight recklessly!
You are too injured to fight recklessly!
You are too injured to fight recklessly!
You are too injured to fight recklessly!
You are too injured to fight recklessly!
You are too injured to fight recklessly!
You are too injured to fight recklessly!
Unknown command.
You hear some strange, mumbled words.
Something tries to affect you, but you resist.
The orc wizard begins to cast a cantrip, but forgets the words!
The orc priest calls down the wrath of Beogh upon you.
Beogh smites you!
You die...
Your body crumbles into a pile of gold.

.## $ # .a#
# #.#o#.#
##o#{#.#
#..$$..#
#o# #@# #.
#$# #. #.#
#.(#.#
#..#.######
#..........
#.##.######
# #.#
#.######


You could see an orc warrior, a worker ant, an orc priest and an orc wizard.

Vanquished Creatures
  The ghost of brujo666 the Shield-Bearer, a novice FoFi of Gozag (D:5)
  A sky beast (D:4)
  An ogre (D:4)
  4 elf zombies (Ossuary)
  A big kobold (Sewer)
  2 howler monkeys (D:4)
  A bullfrog zombie (D:5)
  2 centaur zombies
  2 orc priests
  4 hounds
  An orc wizard (D:5)
  An iguana (D:4)
  Terence (D:3)
  Natasha (thrice) (D:3)
  A worker ant (D:5)
  A big kobold zombie (Ossuary)
  2 hound skeletons
  2 mummies (Ossuary)
  Robin (D:3)
  7 gnolls
  6 adders
  A river rat (Sewer)
  2 shadow imps (D:5)
  2 oozes
  2 adder zombies
  An adder skeleton (D:5)
  A dart slug (D:1)
  A worm (D:4)
  5 leopard geckos
  19 orcs
  A ball python (D:3)
  7 bats
  5 giant cockroaches
  18 goblins
  11 hobgoblins
  2 jackals (Sewer)
  9 kobolds
  4 quokkas
  4 frilled lizards
  11 hobgoblin zombies (Ossuary)
  A jackal zombie (Ossuary)
  9 kobold zombies (Ossuary)
  6 orc zombies (Ossuary)
  9 rats
  3 rat zombies (Ossuary)
179 creatures vanquished.

Notes
Turn   | Place    | Note
-------+----------+-------------------------------------------
     0 | D:1      | Manul the Demonspawn Gladiator began the quest for the Orb.
     0 | D:1      | Reached XP level 1. HP: 16/16 MP: 1/1
   116 | D:1      | Gained mutation: You are slightly more attuned to the shadows. [demonic ancestry]
   116 | D:1      | Reached XP level 2. HP: 17/22 MP: 2/2
   941 | D:1      | Gained mutation: You sometimes gain a little power by taking damage. [demonic ancestry]
   941 | D:1      | Reached XP level 3. HP: 26/27 MP: 3/3
  1764 | D:2      | Reached skill level 1 in Armour
  1932 | D:2      | Gained mutation: You are significantly more attuned to the shadows. [demonic ancestry]
  1932 | D:2      | Reached XP level 4. HP: 33/33 MP: 4/4
  2087 | D:2      | Found a sacrificial altar of Ru.
  2254 | D:3      | Found a blossoming altar of Fedhas.
  2255 | D:3      | Noticed Terence
  2270 | D:3      | Reached skill level 1 in Stealth
  2288 | D:3      | Killed Terence
  2746 | D:3      | Found a faded altar of an unknown god.
  2835 | D:3      | Reached XP level 5. HP: 19/38 MP: 5/5
  2840 | D:3      | Reached skill level 1 in Maces & Flails
  2863 | D:3      | Noticed Robin
  2930 | D:3      | Killed Robin
  3179 | D:3      | Noticed Natasha
  3191 | D:3      | Killed Natasha
  3191 | D:3      | Reached skill level 2 in Stealth
  3574 | D:3      | Found a snail-covered altar of Cheibriados.
  3735 | D:3      | Noticed Natasha
  3753 | D:3      | Killed Natasha
  3780 | D:3      | Noticed Natasha
  3844 | D:3      | Killed Natasha
  4159 | D:4      | Reached XP level 6. HP: 36/46 MP: 6/6
  4345 | D:4      | Found a deep blue altar of Sif Muna.
  4371 | D:4      | Got an iridescent dagger
  4372 | D:4      | Identified the +7 dagger "Riawoi" {freeze, rN+ Str+2 Int-5 Dex+3} (You found it on level 4 of the Dungeon)
  4538 | D:4      | Noticed a sky beast
  4558 | D:4      | Killed a sky beast
  4558 | D:4      | Reached XP level 7. HP: 34/52 MP: 7/7
  4650 | D:4      | Found a glowing drain.
  4659 | Sewer    | Entered a sewer
  4750 | Sewer    | Reached skill level 3 in Stealth
  5063 | Sewer    | Found a glowing silver altar of Zin.
  5166 | D:4      | Reached skill level 1 in Short Blades
  5637 | D:5      | Entered Level 5 of the Dungeon
  5739 | D:5      | Found a sand-covered staircase.
  5746 | Ossuary  | Entered an ossuary
  5820 | Ossuary  | Reached skill level 4 in Stealth
  5893 | Ossuary  | Gained mutation: You have sharp fingernails. [potion of mutation]
  5893 | Ossuary  | Gained mutation: You are agile. (Dex +2) [potion of mutation]
  5893 | Ossuary  | Gained mutation: You are dopey. (Int -2) [potion of mutation]
  5893 | Ossuary  | Gained mutation: You have a pair of small horns on your head. [potion of mutation]
  5907 | Ossuary  | Mutation became permanent: You have sharp fingernails. [demonic ancestry]
  5907 | Ossuary  | Gained mutation: You have sharp fingernails. [demonic ancestry]
  5907 | Ossuary  | Reached XP level 8. HP: 12/58 MP: 8/8
  5917 | Ossuary  | HP: 1/58 [elf zombie (6)]
  6333 | D:5      | Found a staircase to the Ecumenical Temple.
  6393 | Temple   | Entered the Ecumenical Temple
  6512 | Temple   | Became a worshipper of Gozag Ym Sagoz the Greedy
  6540 | D:5      | Found Tuimusch's Jewellery Shop.
  6585 | D:5      | Found Lezxoi Joutz's Armour Emporium.
  6608 | D:5      | Reached skill level 5 in Stealth
  6681 | D:5      | Found a shattered altar of Ashenzari.
  6782 | D:5      | Found Popliaf's Antique Weapon Emporium.
  6790 | D:5      | Noticed brujo666's ghost (novice FoFi)
  6796 | D:5      | Killed brujo666's ghost
  7219 | D:6      | Killed from afar by an orc priest

Vault maps used:
D:1:      roderic_chinese_lattice_arrival, serial_co_window_serial,
          co_window_cross_1, co_window_paths_a, co_window_paths_b,
          co_window_cross_1, co_window_of_opportunity_a, co_window_paths_a,
          co_window_paths_a, co_window_paths_c, co_window_2corner,
          co_window_paths_c, co_window_paths_c, co_window_cross_2,
          co_window_of_opportunity_b, co_window_corner_b, co_window_4corner_b,
          glass_columns_b, minmay_bisected
D:2:      nicolae_ru_path_of_blood
D:3:      old_standard_altar, lemuel_coloured_pillars_altar,
          chequers_ecumenical_altar_simple_redux, grunt_decor_clamped,
          uniq_natasha, uniq_robin, uniq_terence
D:4:      led_sif_pool, portal_sewer_entry_d
D:5:      minmay_temple_entry_overgrown, first_ration, basic_altar,
          enter_ossuary_1, serial_shops, shop, shop, shop
D:6:      sigmund_edmund_badplayer, uniq_crazy_yiuf_cottage, uniq_pikel
Temple:   compressed_dpeg_circular_temple
Sewer:    sewer_kobolds
Ossuary:  ossuary_tomb_1

Skill      XL: |  1  2  3  4  5  6  7  8 |
---------------+-------------------------+-----
Staves         | 3 |  3.6
Dodging        | 3 4 |  4.7
Armour         | 1 2 3 |  3.6
Stealth        | 1 2 4 5 |  5.9
Maces & Flails | 2 3 |  3.0
Fighting       | 3 |  3.9
Short Blades   | 2 3 |  3.6
Throwing       | |  1.9

Action                   |  1- 3 |  4- 6 |  7- 9 || total
-------------------------+-------+-------+-------++-------
Melee: Quarterstaff      |    86 |       |       ||    86
       Whip              |    28 |   207 |       ||   235
       Dagger            |       |    27 |   249 ||   276
       Headbutt          |       |       |    19 ||    19
Throw: Throwing net      |       |     4 |       ||     4
  Use: Scroll            |       |    11 |       ||    11
       Potion            |       |     2 |     4 ||     6
 Stab: Sleeping          |     4 |    11 |    15 ||    30
       Held in net/web   |       |     1 |       ||     1
       Distracted        |       |       |     3 ||     3
  Eat: Chunk             |     3 |     5 |     2 ||    10
       Ration            |       |     1 |     2 ||     3
Armor: Leather armour    |    34 |    60 |    54 ||   148
Dodge: Dodged            |    82 |   193 |   173 ||   448

Table legend:
 A = Spawn XP
 B = Non-spawn XP
 C = Spawn XP percentage of total XP
 D = Spawn monster count
 E = Non-spawn monster count
 F = Spawn count percentage of total count
 G = Total turns spent on level
                    A         B        C        D         E        F      G
               +---------+---------+-------+---------+---------+-------+---------
         Total |       0 |    2474 |   0.0 |       0 |     179 |   0.0 |  7219
               +---------+---------+-------+---------+---------+-------+---------
           D:1 |       0 |      48 |   0.0 |       0 |      21 |   0.0 |  1368
           D:2 |       0 |      69 |   0.0 |       0 |      20 |   0.0 |   867
           D:3 |       0 |     246 |   0.0 |       0 |      38 |   0.0 |  1904
           D:4 |       0 |     597 |   0.0 |       0 |      20 |   0.0 |  1050
           D:5 |       0 |     737 |   0.0 |       0 |      24 |   0.0 |   848
           D:6 |       0 |     144 |   0.0 |       0 |       7 |   0.0 |    65
         Sewer |       0 |     117 |   0.0 |       0 |      10 |   0.0 |   448
       Ossuary |       0 |     516 |   0.0 |       0 |      39 |   0.0 |   533
               +---------+---------+-------+---------+---------+-------+---------
